 Dungeon Crawl Stone Soup version 0.21-a0-95-g06f091e (console) character file.

199594 removed the Black Belt (level 17, -3/139 HPs)
             Began as a Demonspawn Gladiator on June 29, 2017.
             Was a High Priest of Uskayaw.
             Slain by a naga warrior
             ... wielding a +0 halberd
              (27 damage)
             ... on level 4 of the Snake Pit on July 4, 2017.
             The game lasted 01:25:45 (32777 turns).

removed the Black Belt (Demonspawn Gladiator)      Turns: 32777, Time: 01:25:46

Health: -3/139     AC: 16    Str: 16    XL:     17   Next: 85%
Magic:  29/29      EV: 24    Int: 14    God:    Uskayaw [*****.]
Gold:   1276       SH:  0    Dex: 19    Spells: 16/16 levels left

rFire    . . .     SeeInvis .     - Unarmed
rCold    + . .     Gourm    .   (no shield)
rNeg     . . .     Faith    .   b - +2 leather armour "Zuar" {-Cast rPois Int+3 Slay+2}
rPois    +         Spirit   .   m - +2 hat
rElec    .         Reflect  .   t - scarf {repulsion}
rCorr    .         Harm     .   (gloves unavailable)
MR       +....     NoCast   +   g - +2 pair of boots "Vesuy" {rC+}
Stlth    ++++......             P - amulet of regeneration
HPRegen  0.73/turn              v - +2 ring of evasion
MPRegen  0.21/turn              B - +3 ring of protection

@: lethally poisoned (-3 -> -3), repel missiles
A: claws 3, molten scales 2, nightstalker 3, powered by death 1
}: 1/15 runes: abyssal
a: Stomp, Line Pass, Grand Finale, Renounce Religion


You were on level 4 of the Snake Pit.
You worshipped Uskayaw.
Uskayaw was most pleased with you.
You were not hungry.

You visited 4 branches of the dungeon, and saw 27 of its levels.
You visited the Abyss 1 time.
You also visited: Labyrinth.

You collected 2789 gold pieces.
You spent 1513 gold pieces at shops.

Inventory:

Hand Weapons
 f - a +0 blowgun
Missiles
 c - 4 throwing nets (quivered)
 A - 5 curare-tipped needles
Armour
 b - the +2 leather armour "Zuar" (worn) {-Cast rPois Int+3 Slay+2}
   (You bought it in a shop on level 6 of the Dungeon)

   It affects your intelligence (+3).
   It affects your accuracy and damage with ranged weapons and melee attacks
   (+2).
   It protects you from poison.
   It prevents spellcasting.
 g - the +2 pair of boots "Vesuy" (worn) {rC+}
   (You bought it in a shop on level 6 of the Dungeon)

   It protects you from cold.
 m - a +2 hat (worn)
 t - a scarf of repulsion (worn)
 G - a +5 ring mail
Jewellery
 j - an uncursed ring of protection from fire
 v - a +2 ring of evasion (left claw)
 B - a +3 ring of protection (right claw)
 D - an uncursed ring of protection from magic
 E - an uncursed ring of flight
 M - an uncursed ring of ice
 P - an amulet of regeneration (around neck)
 Q - an uncursed ring of protection from fire
 R - an uncursed ring of see invisible
Wands
 i - a wand of lightning (9/15)
 q - a wand of digging (14/24)
 I - a wand of digging (8/24)
 U - a wand of iceblast (12/15)
 W - a wand of clouds (3/9)
Scrolls
 a - 2 scrolls of enchant weapon
 e - 4 scrolls of fog
 o - 2 scrolls of recharging
 x - a scroll of immolation
 y - 9 scrolls of identify
 K - a scroll of enchant armour
 L - 10 scrolls of teleportation
 S - a scroll of magic mapping
 T - 5 scrolls of blinking
 X - 2 scrolls of remove curse
 Y - 5 scrolls of amnesia
Potions
 h - 2 potions of magic
 l - 7 potions of brilliance
 p - 8 potions of mutation
 s - 5 potions of resistance
 u - 4 potions of ambrosia
 w - 3 potions of agility
 z - 5 potions of flight
 F - 2 potions of haste
 H - 4 potions of might
 J - a potion of berserk rage
 N - 6 potions of curing
 Z - 2 potions of heal wounds
Books
 O - the Grimoire of Feathers
   (You found it on level 1 of the Snake Pit)

   Spells                             Type                      Level
   a - Swiftness                      Charms/Air                   2
   b - Static Discharge               Conjuration/Air              3
   c - Deflect Missiles               Charms/Air                   6
   d - Tornado                        Air                          9
Comestibles
 d - 10 bread rations
 k - 16 royal jellies
 C - 18 meat rations
 V - 24 fruits


   Skills:
 - Level 14.1 Fighting
 - Level 1.7 Throwing
 - Level 12.0 Dodging
 - Level 20.0 Unarmed Combat
 + Level 17.3 Invocations


You had 16 spell levels left.
You didn't know any spells.

Dungeon Overview and Level Annotations

Branches:
Dungeon (15/15)            Temple (0/1) D:6            Lair (6/6) D:10
  Swamp (0/4) Lair:2        Snake (4/4) Lair:4          Orc (2/2) D:11
    Elf (0/3) Orc:2        Vaults (0/5) D:13         Depths (0/5) D:15
  Slime: Lair:5-6

Altars:
Dithmenos
Fedhas
Gozag
Hepliaklqana
Makhleb
Nemelex Xobeh
Qazlal
Trog
Uskayaw
Vehumet
Xom
Yredelemnul
Zin
The Shining One
Beogh

Shops:
D:6 [   D:9 =   Orc:2 ::([   Snake:1 ?

Annotations:
D:11 exclusion: hydra
D:15 exclusion: 2 statues
Lair:5 exclusion: 2 oklob plants


Innate Abilities, Weirdness & Mutations

You have claws for hands.
You are mostly covered in molten scales. (AC +3)
You are completely attuned to the shadows.
You regenerate a little health from kills.


Message History

As you read the scroll of teleportation, it crumbles to dust.
You feel strangely unstable.
You feel sick. The naga barely misses you. The nagaraja barely misses you.
The naga warrior hits you with a hand axe!
* * * LOW HITPOINT WARNING * * *
x2 The naga warrior constricts you.
The naga mage barely misses you.
A naga comes into view. It is wielding a hand axe.
You escape the naga warrior's grasp.
You feel sick. The naga hits you with a war axe.
* * * LOW HITPOINT WARNING * * *
The naga misses you.
Unknown command.
Unknown command.
Your surroundings suddenly seem different.
You feel sick.
A naga mage comes into view. It is wielding a spear.
The naga mage gestures wildly while chanting.
The naga mage seems to speed up.
The naga warrior hits you from afar with a halberd!!
You die...

#......N.......
....NNN.N......
....NN#N#######
....##)#####
...####...φ.
#####...N...


.NNN.NN.. ...N..... ..NN@.... ..N.N.... ..N#..... ......... .. ...... You could
see a naga warrior, a nagaraja (wandering), a naga sharpshooter, 5 naga magi and
4 nagas.

Vanquished Creatures
  Rupert (Orc:2)
  A sphinx (D:12)
  5 nagarajas
  Aizul (Snake:2)
  A frost giant (D:15)
  An orc warlord (Orc:1)
  Louise (Snake:1)
  A blizzard demon (Abyss:3)
  A minotaur (Lab)
  Snorg (Lair:4)
  A fire dragon (D:15)
  Fannar (Lair:1)
  Erolcha (D:9)
  22 naga warriors
  3 hydras
  A rakshasa (Abyss:3)
  8 vault guards (D:13)
  7 anacondas
  4 catoblepae (Lair:6)
  9 two-headed ogres
  4 centaur warriors
  An ogre mage (D:15)
  13 death yaks
  5 orc high priests
  11 shock serpents
  19 naga sharpshooters
  2 salamander mystics
  5 skeletal warriors (D:15)
  A wretched star (Abyss:3)
  A sixfirhy (Abyss:3)
  2 unseen horrors (D:13)
  10 naga ritualists
  11 ugly things
  7 orc knights
  A manticore (shapeshifter) (D:13)
  13 mana vipers
  7 orc sorcerers
  A deep elf mage (D:13)
  4 manticores
  6 salamanders
  4 cyclopes
  13 naga magi
  4 guardian serpents
  12 elephants
  A smoke demon (Abyss:3)
  2 centaur zombies
  Psyche (D:11)
  38 black mambas
  3 gargoyles
  14 spiny frogs
  A yaktaur (D:15)
  4 komodo dragons
  A kobold demonologist (D:14)
  A yaktaur (shapeshifter) (Abyss:3)
  An ancient zyme (Abyss:3)
  2 tengu conjurers (D:15)
  9 meliai
  A harpy zombie (D:15)
  6 trolls
  3 polar bears
  3 large abominations (Abyss:3)
  A hornet (D:15)
  A raiju (Abyss:3)
  A hornet (shapeshifter) (D:13)
  A minotaur skeleton (Lab)
  9 blink frogs
  A meliai zombie (D:15)
  12 hippogriffs
  A redback (Lab)
  73 yaks
  3 wraiths
  5 wyverns
  A ynoxinul (Abyss:3)
  A vampire (D:15)
  3 basilisks
  A golden eye (Abyss:3)
  3 chaos spawn
  4 hungry ghosts
  2 steam dragons
  4 vampire mosquitoes
  2 wargs (Orc:1)
  Menkaure (D:7)
  48 nagas
  A two-headed ogre zombie (D:11)
  4 small abominations (Abyss:3)
  9 porcupines
  3 sky beasts
  33 orc warriors
  14 water moccasins
  2 phantoms
  The ghost of sagitran the Skirmisher, an amateur GnWn (D:3)
  2 black bears (D:9)
  5 starcursed masses (Abyss:3)
  An eye of draining (shapeshifter) (D:13)
  2 ice beasts
  15 centaurs
  8 ogres
  9 crocodiles
  4 big kobolds
  16 bullfrogs
  A wyvern skeleton (D:12)
  7 scorpions
  A troll zombie (D:11)
  5 killer bees (D:11)
  A vampire bat (D:6)
  15 wights
  A spriggan skeleton (Lab)
  2 electric eels
  4 howler monkeys
  7 crimson imps
  A quasit (D:7)
  4 bullfrog skeletons
  8 hounds
  36 orc priests
  4 bullfrog zombies
  9 jellies
  3 centaur skeletons
  Terence (D:2)
  Jessica (D:3)
  A gnoll shaman (Orc:1)
  6 hell rats (Lair:2)
  2 iguanas (D:10)
  26 orc wizards
  6 worker ants
  A killer bee zombie (D:8)
  6 ogre zombies (D:11)
  A hound zombie (D:7)
  2 worker ant zombies
  8 adders
  7 gnolls
  2 howler monkey skeletons (D:4)
  13 river rats
  3 shadow imps
  7 oozes
  2 adder skeletons
  An adder zombie (D:8)
  2 worms (D:3)
  2 dart slugs
  5 leopard geckos
  76 orcs
  14 bats
  3 giant cockroaches
  7 goblins
  6 hobgoblins
  15 jackals
  16 quokkas
  2 ball pythons
  2 frilled lizards (D:3)
  A goblin skeleton (D:11)
  7 goblin zombies (D:11)
  2 hobgoblin zombies (D:11)
  A jackal skeleton (D:6)
  17 kobolds
  A leopard gecko zombie (D:8)
  3 orc skeletons (D:11)
  12 orc zombies (D:11)
  21 rats
  A fungus (Lair:1)
  4 plants (Lair:5)
1051 creatures vanquished.

Vanquished Creatures (others)
  6 bushes (Lair:5)
  5 fungi
  6 plants
17 creatures vanquished.

Grand Total: 1068 creatures vanquished

Notes
Turn   | Place    | Note
-------+----------+-------------------------------------------
     0 | D:1      | removed the Demonspawn Gladiator began the quest for the Orb.
     0 | D:1      | Reached XP level 1. HP: 16/16 MP: 1/1
    55 | D:1      | Reached skill level 3 in Unarmed Combat
   276 | D:1      | Gained mutation: You are slightly more attuned to the shadows. [demonic ancestry]
   276 | D:1      | Reached XP level 2. HP: 13/22 MP: 2/2
   732 | D:2      | Gained mutation: You regenerate a little health from kills. [demonic ancestry]
   732 | D:2      | Reached XP level 3. HP: 23/27 MP: 3/3
   752 | D:2      | Noticed Terence
  1099 | D:1      | Reached skill level 4 in Unarmed Combat
  1306 | D:2      | Gained mutation: You have sharp fingernails. [demonic ancestry]
  1306 | D:2      | Reached XP level 4. HP: 23/33 MP: 4/4
  1598 | D:2      | Found a stormy altar of Qazlal.
  1889 | D:3      | Found a blossoming altar of Fedhas.
  1889 | D:3      | Noticed Jessica
  1993 | D:3      | Killed Jessica
  1993 | D:3      | Reached skill level 5 in Unarmed Combat
  2101 | D:3      | Reached XP level 5. HP: 38/38 MP: 5/5
  2489 | D:3      | Noticed sagitran's ghost (amateur GnWn)
  2513 | D:3      | Killed sagitran's ghost
  2759 | D:3      | Found a faded altar of an unknown god.
  2801 | D:3      | Reached skill level 6 in Unarmed Combat
  2991 | D:2      | Killed Terence
  3032 | D:2      | Reached XP level 6. HP: 35/44 MP: 6/6
  3115 | D:2      | Found a sparkling altar of Nemelex Xobeh.
  3312 | D:4      | Found a basalt altar of Yredelemnul.
  3312 | D:4      | Found a radiant altar of Vehumet.
  3501 | D:4      | Reached skill level 7 in Unarmed Combat
  3632 | D:4      | Got a polished scale mail
  3698 | D:4      | You fall through a shaft for 3 floors!
  3716 | D:7      | Noticed an orc warrior
  3803 | D:7      | Noticed Menkaure
  3808 | D:7      | Killed Menkaure
  3808 | D:7      | Gained mutation: You have very sharp fingernails. [demonic ancestry]
  3808 | D:7      | Reached XP level 7. HP: 24/50 MP: 7/7
  4050 | D:6      | Found Lusojyam's Antique Armour Shop.
  4055 | D:5      | Entered Level 5 of the Dungeon
  4144 | D:4      | Reached skill level 8 in Unarmed Combat
  4767 | D:5      | Reached XP level 8. HP: 61/61 MP: 8/8
  4839 | D:5      | Found a hide-covered altar of Uskayaw.
  5165 | D:5      | Reached skill level 5 in Fighting
  5215 | D:5      | Became a worshipper of Uskayaw the Reveler
  5286 | D:6      | Reached * piety under Uskayaw
  5291 | D:6      | Reached ** piety under Uskayaw
  5292 | D:6      | Reached *** piety under Uskayaw
  5301 | D:6      | Reached **** piety under Uskayaw
  5307 | D:6      | Reached ***** piety under Uskayaw
  5341 | D:6      | Found a hazy altar of Hepliaklqana.
  5345 | D:6      | Found a shimmering altar of Xom.
  5345 | D:6      | Noticed a hell beast
  5346 | D:6      | Noticed a spectral ugly thing
  5346 | D:6      | Noticed a hell beast
  5369 | D:6      | Found a staircase to the Ecumenical Temple.
  6007 | D:6      | Identified the +2 scale mail of Cloud Cover {-Tele rC- Str+8 Stlth+} (You found it on level 4 of the Dungeon)
  6080 | D:7      | Reached skill level 9 in Unarmed Combat
  6500 | D:7      | Gained mutation: You are partially covered in molten scales. (AC +2) [demonic ancestry]
  6500 | D:7      | Reached XP level 9. HP: 68/68 MP: 9/9
  6544 | D:7      | Found a bloodstained altar of Trog.
  6811 | D:8      | Reached skill level 10 in Unarmed Combat
  6822 | D:8      | Reached skill level 1 in Invocations
  6950 | D:8      | Noticed a two-headed ogre
  7186 | D:8      | Reached skill level 5 in Invocations
  7219 | D:8      | Noticed a two-headed ogre
  7654 | D:8      | Killed a two-headed ogre
  7654 | D:8      | Reached XP level 10. HP: 44/79 MP: 1/15
  7789 | D:8      | Reached skill level 5 in Dodging
  8218 | D:9      | Found Otubulep's Jewellery Emporium.
  8220 | D:9      | Found an opulent altar of Gozag.
  8426 | D:9      | Reached ****** piety under Uskayaw
  8499 | D:9      | Found a shadowy altar of Dithmenos.
  8552 | D:9      | Found a glowing golden altar of the Shining One.
  8571 | D:9      | Reached skill level 11 in Unarmed Combat
  8643 | D:9      | Noticed Erolcha
  8704 | D:9      | Found a glowing silver altar of Zin.
  9140 | D:10     | Entered Level 10 of the Dungeon
  9427 | D:10     | Found a staircase to the Lair.
  9628 | D:10     | Reached skill level 12 in Unarmed Combat
  9648 | D:10     | Reached XP level 11. HP: 63/84 MP: 16/16
 10001 | D:10     | Noticed a brown ugly thing
 10433 | D:11     | Noticed Psyche
 10443 | D:11     | Killed Psyche
 10561 | D:11     | Noticed a green ugly thing
 10578 | D:11     | Killed a green ugly thing
 10598 | D:11     | Found a staircase to the Orcish Mines.
 10771 | D:11     | Noticed a seven-headed hydra
 10923 | D:11     | Noticed a green ugly thing
 10945 | D:11     | Killed a green ugly thing
 11045 | D:11     | Got a bloodstained hand axe {flame}
 11500 | D:11     | Noticed a brown ugly thing
 11516 | D:11     | Killed a brown ugly thing
 11798 | D:8      | Killed a two-headed ogre
 11798 | D:8      | Reached skill level 13 in Unarmed Combat
 11844 | D:6      | Bought a heavily runed leather armour for 238 gold pieces
 11854 | D:6      | Identified the +2 leather armour "Zuar" {-Cast rPois Int+3 Slay+2} (You bought it in a shop on level 6 of the Dungeon)
 12068 | Lair:1   | Entered Level 1 of the Lair of Beasts
 12137 | Lair:1   | Noticed a death yak
 12137 | Lair:1   | Noticed a death yak
 12317 | Lair:1   | Noticed Fannar
 12332 | Lair:1   | Killed Fannar
 12538 | Lair:1   | Gained mutation: You have claws for hands. [demonic ancestry]
 12538 | Lair:1   | Reached XP level 12. HP: 52/92 MP: 19/19
 12677 | Lair:1   | Reached skill level 14 in Unarmed Combat
 12713 | Lair:1   | Noticed a death yak
 12713 | Lair:1   | Noticed a death yak
 12714 | Lair:1   | Noticed a death yak
 12742 | Lair:1   | Killed a death yak
 12835 | Lair:1   | Noticed a death yak
 12892 | Lair:1   | Killed a death yak
 12896 | Lair:1   | Killed a death yak
 12896 | Lair:1   | Reached skill level 10 in Invocations
 12899 | Lair:1   | Killed a death yak
 12902 | Lair:1   | Killed a death yak
 12913 | Lair:1   | Killed a death yak
 13873 | Lair:2   | Reached skill level 10 in Fighting
 13910 | Lair:2   | Found a staircase to the Swamp.
 14522 | D:6      | Bought a pair of bloodstained boots for 323 gold pieces
 14532 | D:6      | Identified the +2 pair of boots "Vesuy" {rC+} (You bought it in a shop on level 6 of the Dungeon)
 14886 | Lair:3   | Found a labyrinth entrance.
 14906 | Lab      | Entered a labyrinth
 15133 | Lab      | Reached XP level 13. HP: 103/103 MP: 21/21
 15242 | Lab      | Noticed a minotaur
 15256 | Lab      | Killed a minotaur
 15271 | Lab      | Identified the Papyrus of Dislocation
 15940 | Lair:4   | Noticed Snorg
 15971 | Lair:4   | Found a staircase to the Snake Pit.
 16277 | Lair:4   | Got an iridescent rapier
 16913 | Lair:5   | Reached skill level 15 in Unarmed Combat
 18019 | Lair:6   | Entered Level 6 of the Lair of Beasts
 18096 | Lair:6   | Reached skill level 10 in Dodging
 18933 | Lair:6   | Reached XP level 14. HP: 76/113 MP: 23/23
 20018 | D:12     | Got a steaming ring mail
 20147 | D:12     | Reached skill level 15 in Invocations
 20303 | D:12     | Identified the +2 ring mail of Somewhere Else {rElec rPois rC- rN+++} (You found it on level 12 of the Dungeon)
 20633 | D:12     | Noticed a sphinx
 20638 | D:12     | Killed a sphinx
 20765 | Orc:1    | Entered Level 1 of the Orcish Mines
 20857 | Orc:2    | Entered Level 2 of the Orcish Mines
 21101 | Orc:2    | Found a burning altar of Makhleb.
 21104 | Orc:2    | Noticed Rupert
 21124 | Orc:2    | Found a roughly hewn altar of Beogh.
 21135 | Orc:2    | Found a staircase to the Elven Halls.
 21476 | Orc:2    | Killed Rupert
 21476 | Orc:2    | Reached skill level 16 in Unarmed Combat
 21767 | Orc:1    | Noticed an orc warlord
 21794 | Orc:1    | Killed an orc warlord
 22244 | Orc:1    | Found a roughly hewn altar of Beogh.
 22572 | Orc:2    | Found Zeq Navodomo's Book Boutique.
 22575 | Orc:2    | Found Jouqif's Book Shoppe.
 22578 | Orc:2    | Paralysed by an orc sorcerer for 3 turns
 22593 | Orc:2    | Gained mutation: You are mostly covered in molten scales. (AC +3) [demonic ancestry]
 22593 | Orc:2    | Reached XP level 15. HP: 104/118 MP: 26/26
 22624 | Orc:2    | Found Faphiaqo's Antique Weapon Shoppe.
 22626 | Orc:2    | Found Ezihair's Armour Boutique.
 22844 | Orc:2    | Upgraded the game from 0.21-a0-91-ga5031da to 0.21-a0-94-gdd6ab6a
 22926 | D:13     | Noticed Sonja
 22927 | D:13     | Noticed Sonja
 22927 | D:13     | Sonja changed into Sonja the shapeshifter
 22928 | D:13     | Noticed Sonja
 22928 | D:13     | Sonja the shapeshifter changed into Sonja the yaktaur
 22931 | D:13     | Noticed Sonja
 22931 | D:13     | Sonja the yaktaur changed into Sonja the manticore
 22935 | D:13     | Killed Sonja the manticore
 23162 | D:13     | Reached skill level 17 in Unarmed Combat
 23256 | D:13     | Found a shimmering altar of Xom.
 23291 | D:13     | Found a gate to the Vaults.
 24168 | D:14     | Reached skill level 18 in Unarmed Combat
 24411 | D:15     | Entered Level 15 of the Dungeon
 25772 | D:15     | Noticed a frost giant
 25779 | D:15     | Killed a frost giant
 25783 | D:15     | Found a staircase to the Depths.
 25917 | D:15     | Gained mutation: You are significantly more attuned to the shadows. [demonic ancestry]
 25917 | D:15     | Reached XP level 16. HP: 78/131 MP: 27/27
 26190 | D:6      | Bought a fine plate armour for 952 gold pieces
 26200 | D:6      | Identified the +1 plate armour of Utzom {MR+ Str+7} (You bought it in a shop on level 6 of the Dungeon)
 26389 | D:9      | Killed Erolcha
 26531 | Lair:4   | Killed Snorg
 26594 | Snake:1  | Entered Level 1 of the Snake Pit
 26758 | Snake:1  | Noticed Louise
 26762 | Snake:1  | Cast into level 3 of the Abyss (Louise)
 26762 | Abyss:3  | Found a corrupted altar of Lugonu.
 26763 | Abyss:3  | Noticed a tentacled starspawn
 26766 | Abyss:3  | Got an abyssal rune of Zot
 27148 | Abyss:3  | Found a corrupted altar of Lugonu.
 27161 | Snake:1  | Escaped the Abyss
 27174 | Snake:1  | Killed Louise
 28371 | Snake:1  | Identified the Grimoire of Feathers
 28981 | Snake:1  | Found Sodydoox's Magic Scroll Boutique.
 29417 | Snake:1  | Upgraded the game from 0.21-a0-94-gdd6ab6a to 0.21-a0-95-g06f091e
 29583 | Snake:2  | Reached skill level 19 in Unarmed Combat
 29583 | Snake:2  | Gained mutation: You are completely attuned to the shadows. [demonic ancestry]
 29583 | Snake:2  | Reached XP level 17. HP: 41/139 MP: 28/28
 30106 | Snake:2  | Noticed Aizul
 30129 | Snake:2  | Killed Aizul
 31690 | Snake:3  | Reached skill level 20 in Unarmed Combat
 31874 | Snake:4  | Entered Level 4 of the Snake Pit
 32777 | Snake:4  | Slain by a naga warrior

Vault maps used:
D:1:      scummos_arrival_hexagon
D:2:      nemelex_xobeh_ov_fountains_minmay, nicolae_qazlal_general_emergency,
          uniq_terence
D:3:      nicolae_overflow_crystal_walls,
          chequers_ecumenical_altar_simple_redux, uniq_jessica
D:4:      grunt_temple_overflow_open
D:5:      lemuel_round_altar, first_bread
D:6:      regret_index_temple_of_mockery, minmay_temple_entry_glass,
          serial_shops, shop, roderic_batcave, grunt_ministairs_11,
          minmay_misc_feat_chi
D:7:      kennysheep_mini, uniq_menkaure
D:8:      minmay_joined_circles
D:9:      nicolae_dithmenos_through_a_glass_darkly, overflow_temple_1_default,
          zin_scriptorium, serial_shops, shop, nicolae_gozag_seed_capital,
          uniq_erolcha
D:10:     lair_entry_dummy, hangedman_little_slice_of_home
D:11:     zombieorc2_lemuel, uniq_psyche
D:12:     kennysheep_scales
D:13:     erik_vaults_2, minmay_misc_feat_doors,
          minmay_guarded_unrand_variability, uniq_sonja
D:14:     serial_park_square2
D:15:     grunt_enter_depths_snipers, minmay_dual_archer_statues
Lair:1:   infiniplex_staircase_pool_2, grunt_megastairs_5, uniq_fannar
Lair:2:   lemuel_ratsnest, swamp_mist_pool, grunt_megastairs_1
Lair:3:   lab_entry_generic, pond, serial_bayou_shore_a,
          infiniplex_staircase_pool
Lair:4:   minmay_snake_entry_guardpost_medium, nicolae_quartered_pool_super,
          uniq_snorg
Lair:5:   wad_woods_structure_01, minmay_slime_entry_oklob_enclosed,
          lemuel_fruit_tree
Lair:6:   evilmike_catoblepas_cave
Snake:1:  kennysheep_snake, serial_shops, nicolae_shop_waterfront,
          grunt_megastairs_2, uniq_louise
Snake:2:  uniq_aizul
Snake:3:  grunt_ministairs_7, nrook_guardian_serpent_ordinary
Snake:4:  snake_pit
Orc:1:    orc_temple
Orc:2:    st_orc_elflike, basic_altar, bloody_makhleb, uniq_rupert
Abyss:3:  nicolae_abyss_rune_star_stuff
Lab:      nicolae_lab_dead_adventurers, nicolae_lab_stuck, nicolae_lab_grate_2,
          nicolae_lab_flowing_pool, labyrinth_skeletal_remains

Skill      XL: |  1  2  3  4  5  6  7  8  9 10 11 12 13 14 15 16 17 |
---------------+----------------------------------------------------+-----
Unarmed Combat | 3 4 5 6 7 8 9 10 12 13 14 15 16 18 19 20 | 20.0
Fighting       | 4 5 7 8 10 11 13 14 | 14.1
Dodging        | 4 6 8 10 12 | 12.0
Invocations    | 7 9 11 13 15 17 | 17.3
Throwing       | |  1.7

Action                   |  1- 3 |  4- 6 |  7- 9 | 10-12 | 13-15 | 16-18 || total
-------------------------+-------+-------+-------+-------+-------+-------++-------
Melee: Unarmed           |   127 |   176 |   361 |   777 |  1176 |   847 ||  3464
       Punch             |     1 |     4 |    12 |    57 |   138 |    76 ||   288
Invok: Line Pass         |       |       |     5 |     2 |       |       ||     7
       Grand Finale      |       |       |       |     1 |     1 |     1 ||     3
       Stomp             |       |       |       |       |     7 |       ||     7
Evoke: Wand              |       |       |       |     5 |    14 |       ||    19
  Use: Scroll            |     4 |     7 |     6 |     7 |     9 |     2 ||    35
       Potion            |     2 |       |     1 |       |     1 |       ||     4
 Stab: Sleeping          |     2 |     7 |     8 |     8 |    18 |    24 ||    67
       Distracted        |       |     1 |       |     1 |       |     3 ||     5
       Paralysed         |       |       |     9 |    68 |   118 |    81 ||   276
       Confused          |       |       |     2 |       |       |       ||     2
       Petrified         |       |       |       |       |     2 |       ||     2
  Eat: Chunk             |     1 |     8 |    13 |    28 |    37 |     9 ||    96
       Royal jelly       |       |       |       |     1 |       |     7 ||     8
Armor: Leather armour    |    41 |    41 |    85 |    59 |    90 |    94 ||   410
       Ring mail         |       |       |       |   112 |   214 |     5 ||   331
Dodge: Dodged            |    84 |    87 |   225 |   405 |   806 |   559 ||  2166
       Deflected         |       |       |       |       |    24 |    71 ||    95
